 Dungeon Crawl Stone Soup version 0.20-a0-850-ge5a7832 (webtiles) character file.

85 dvd the Magician (level 4, -1/24 HPs)
             Began as a Deep Elf Fire Elementalist on Mar 10, 2017.
             Killed from afar by Sigmund (5 damage)
             ... with a magic dart
             ... on level 2 of the Dungeon.
             The game lasted 00:04:43 (2359 turns).

dvd the Magician (Deep Elf Fire Elementalist)       Turns: 2359, Time: 00:04:43

Health: -1/24      AC:  3    Str:  5    XL:     4   Next: 25%
Magic:  1/12       EV: 13    Int: 21    God:
Gold:   112        SH:  0    Dex: 15    Spells: 4/11 levels left

rFire    . . .     SeeInvis .   e - +0 dagger
rCold    . . .     Gourm    .   a - +0 robe
rNeg     . . .     Faith    .   (no shield)
rPois    .         Spirit   .   (no helmet)
rElec    .         Reflect  .   (no cloak)
rCorr    .         Harm     .   (no gloves)
MR       .....                  l - +0 pair of boots
Stlth    ++........             (no amulet)
Regen    0.1/turn               (no ring)
MPRegen  0.2/turn               (no ring)

@: no status effects
A: no striking features
a: no special abilities


You were on level 2 of the Dungeon.
You were not hungry.

You visited 1 branch of the dungeon, and saw 2 of its levels.

You collected 112 gold pieces.

Inventory:

Hand Weapons
 e - a +0 dagger (weapon)
Armour
 a - a +0 robe (worn)
 l - a +0 pair of boots (worn)
Wands
 k - a wand of acid (7/15)
 n - a wand of scattershot (5/9)
Scrolls
 d - 2 scrolls of identify {unknown}
 f - a scroll of fear {unknown}
 g - a scroll of blinking {unknown}
 i - a scroll of teleportation {unknown}
 m - a scroll of remove curse {unknown}
 p - a scroll of amnesia {unknown}
Potions
 h - a potion of might {unknown}
 o - a potion of agility {unknown}
Books
 b - a book of Flames

   Spells                             Type                      Level
   a - Flame Tongue                   Conjuration/Fire             1
   b - Throw Flame                    Conjuration/Fire             2
   c - Conjure Flame                  Conjuration/Fire             3
   d - Inner Flame                    Hexes/Fire                   3
   e - Sticky Flame                   Conjuration/Fire             4
   f - Fireball                       Conjuration/Fire             5
Comestibles
 c - 3 bread rations
 j - 2 chunks of flesh


   Skills:
 + Level 2.8 Dodging
 + Level 3.2 Stealth
 + Level 4.2 Spellcasting
 + Level 1.9 Conjurations
 + Level 4.1 Fire Magic


You had 4 spell levels left.
You knew the following spells:

 Your Spells              Type           Power        Failure   Level  Hunger
a - Flame Tongue          Conj/Fire      ###..        3%          1    None
b - Throw Flame           Conj/Fire      ###...       6%          2    #......
c - Sticky Flame          Conj/Fire      ###.....     34%         4    ####...


Dungeon Overview and Level Annotations

Branches:
Dungeon (2/15)

Altars:
Kikubaaqudgha

Annotations:
D:2 Sigmund


Message History

Sigmund is almost dead.
Sigmund laughs darkly.
Sigmund casts a spell.
Sigmund flickers and vanishes!
Deactivating autopickup; reactivate with Ctrl-A.
Unknown command.
Casting: Throw Flame
Confirm with . or Enter, or press ? or * to list all spells.
Aiming: Throw Flame
Press: ? - help, Shift-Dir - straight line Unknown command.
A puff of flame appears from out of thin air!
The puff of flame misses you.
A puff of flame appears from out of thin air!
The puff of flame hits you!
* * * LOW HITPOINT WARNING * * *
Unknown command.
A magic dart appears from out of thin air!
The magic dart hits you!
You die...

##.#...........# #.#
#........
#...#.######..####.#
#.####### ##...#.#
#..#....#####.###...#
#....#.#
#....................
#.#.##.#
#.##.########.##.....
#.#.##.# #.##.#
#........
..#.##.######.##.#
####....#
.......#......##.#
#.#.##
..#.####.#######@#
#.#.# #.#.# #.# #.#
#.#.## ....# #.# #.#
#..... ....# #.# #.#
#.#.#. ....####.# #.#
#.#... .........# #.#
#.###. ...####### #.#
#..... #.## #.#
#.#### ..# #.# #.####


There were no monsters in sight!

Vanquished Creatures
  3 adders (D:2)
  A worm (D:2)
  A dart slug (D:2)
  4 leopard geckos
  3 bats
  3 giant cockroaches
  6 goblins
  5 hobgoblins
  5 jackals (D:1)
  2 quokkas (D:2)
  5 frilled lizards
  5 kobolds
  4 rats
47 creatures vanquished.

Notes
Turn   | Place    | Note
-------+----------+-------------------------------------------
     0 | D:1      | dvd the Deep Elf Fire Elementalist began the quest for the Orb.
     0 | D:1      | Reached XP level 1. HP: 10/10 MP: 6/6
   394 | D:1      | Reached XP level 2. HP: 13/15 MP: 2/8
   452 | D:1      | Learned a level 2 spell: Throw Flame
  1298 | D:2      | Reached XP level 3. HP: 19/19 MP: 3/10
  1987 | D:2      | Found an ancient bone altar of Kikubaaqudgha.
  2094 | D:2      | Reached XP level 4. HP: 24/24 MP: 6/12
  2144 | D:2      | Learned a level 4 spell: Sticky Flame
  2344 | D:2      | Noticed Sigmund
  2359 | D:2      | Killed from afar by Sigmund

Vault maps used:
D:1:      onia_arrival_mini_spirals, kennysheep_small_spiral
D:2:      first_bread, hangedman_decor_opposing, lemuel_statue_altar,
          uniq_sigmund

Skill      XL: |  1  2  3 |
---------------+----------+-----
Spellcasting   | 4 |  4.2
Stealth        | 3 |  3.2
Fire Magic     | 4 |  4.1
Dodging        | |  2.8
Conjurations   | |  1.9

Action                   |  1- 3 |  4- 6 || total
-------------------------+-------+-------++-------
Melee: Dagger            |     8 |       ||     8
 Cast: Flame Tongue      |    66 |     7 ||    73
       Throw Flame       |    18 |    10 ||    28
 Stab: Sleeping          |     3 |       ||     3
  Eat: Chunk             |     4 |     1 ||     5
Armor: Robe              |     3 |       ||     3
Dodge: Dodged            |    18 |     3 ||    21
